 Dungeon Crawl Stone Soup version 0.24.1-8-ga250c9d538 (webtiles) character file.

Game seed: 16166142328327203535, levelgen mode: deterministic

115 Hugehornet the Changer (level 5, -6/33 HPs)
             Began as an Octopode Transmuter on May 2, 2020.
             Killed from afar by an orc wizard (9 damage)
             ... with a magic dart
             ... on level 3 of the Dungeon.
             The game lasted 00:03:48 (2401 turns).

Hugehornet the Changer (Octopode Transmuter)        Turns: 2401, Time: 00:03:49

Health: -6/33      AC:  2    Str:  9    XL:     5   Next: 0%
Magic:  5/8        EV: 20    Int: 16    God:
Gold:   122        SH:  0    Dex: 18    Spells: 2/8 levels left

rFire    . . .     SeeInvis .     - Unarmed
rCold    . . .     Gourm    .   (shield currently unavailable)
rNeg     . . .     Faith    .   (helmet currently unavailable)
rPois    x         Spirit   .   (no amulet)
rElec    .         Reflect  .   (no ring)
rCorr    .         Harm     .   (no ring)
MR       .....                  (no ring)
Stlth    ++........             (no ring)
HPRegen  0.11/turn              (no ring)
MPRegen  0.11/turn              (no ring)
                                (no ring)
                                (no ring)

@: spider-form (expiring)
A: tiny, almost no armour, stealthy swim, (amphibious), 8 rings, (constrict 8)
a: End Transformation


You were on level 3 of the Dungeon.
You were hungry.
You were a venomous arachnid creature.
You visited 1 branch of the dungeon, and saw 3 of its levels.

You collected 122 gold pieces.

Inventory:

Missiles
 a - 12 arrows
Jewellery
 f - a +4 amulet of reflection {unknown}
Scrolls
 e - 3 scrolls of identify {unknown}
 g - a scroll of fog {unknown}
 h - a scroll of remove curse {unknown}
 i - 4 scrolls of teleportation {unknown}
Potions
 b - a potion of brilliance {unknown}
 d - 3 potions of curing
 k - a potion of lignification {unknown}
 l - a potion of berserk rage {unknown}
Comestibles
 c - 3 rations


   Skills:
 - Level 1.0 Fighting
 - Level 2.0 Dodging
 * Level 3.5 Unarmed Combat
 - Level 2.0 Spellcasting
 * Level 4.3 Transmutations
 + Level 1.3 Poison Magic


You had 2 spell levels left.
You knew the following spells:

 Your Spells              Type           Power        Failure   Level  Hunger
a - Beastly Appendage     Tmut           ###...       12%         1    #......
b - Sticks to Snakes      Tmut           ###.....     16%         2    ###....
c - Spider Form           Tmut/Pois      ##........   38%         3    ###....

Your spell library contained the following spells:

 Spells                   Type           Power        Failure   Level  Hunger
 Ice Form                 Ice/Tmut       #.......     83%         4    #####..
 Blade Hands              Tmut           ###.......   86%         5    ######.


Dungeon Overview and Level Annotations

Branches:
Dungeon (3/15)

Altars:


Innate Abilities, Weirdness & Mutations

You cannot wear most types of armour.
You are very stealthy in the water. (Stealth+)
((You are amphibious.))
You can wear up to eight rings at the same time.
((You can use your tentacles to constrict eight enemies at once.))
((Your skin changes colour to match your surroundings (Stealth+).))
((Your rubbery body absorbs attacks. (AC +1, EV +1)))


Message History

The orc closely misses you.
You hit the orc.
The orc is poisoned.
The orc is severely wounded.
The orc barely misses you.
You hit the orc but do no damage.
The orc looks as sick as possible!
The orc is severely wounded.
The orc misses you.
You hit the orc but do no damage.
The orc looks as sick as possible!
The orc is almost dead.
You kill the orc!
You have reached level 5!
You feel agile. Something barely misses you.
You hit something. Something barely misses you.
You miss something.
Your transformation is almost over.
You hear some strange, mumbled words.
A magic dart appears from out of thin air!
The magic dart hits you!
You die...

............. #....#.#
##.........#
#....#.#............#
#....#.#.##.....)...#
#....#.#.# #....#
#....#.#.# #o...#
#....#...## #....#
#....#....######....#
####............s[.....#
<.....#.##...######....#
####.##..+...'.........#
#.#####...#######+#.#
#.#.......# .#
..#....#### .# ###....#
#....# #....#


There were no monsters in sight!

Vanquished Creatures
  4 adders (D:2)
  3 dart slugs (D:1)
  2 leopard geckos
  2 orcs (D:3)
  8 bats
  5 giant cockroaches (D:1)
  9 goblins
  5 hobgoblins
  A jackal (D:3)
  2 quokkas (D:2)
  3 frilled lizards (D:2)
  13 kobolds
  7 rats
64 creatures vanquished.

Notes
Turn   | Place    | Note
-------+----------+-------------------------------------------
     0 | D:1      | Hugehornet the Octopode Transmuter began the quest for the
                  | Orb.
     0 | D:1      | Reached XP level 1. HP: 13/13 MP: 3/3
    46 | D:1      | Reached XP level 2. HP: 13/18 MP: 1/5
   348 | D:1      | Reached skill level 3 in Transmutations
   679 | D:1      | Reached XP level 3. HP: 23/23 MP: 4/6
   882 | D:2      | Learned a level 2 spell: Sticks to Snakes
   886 | D:2      | Learned a level 3 spell: Spider Form
  1583 | D:2      | Reached XP level 4. HP: 28/28 MP: 5/7
  1641 | D:2      | Reached skill level 4 in Transmutations
  1931 | D:2      | Reached skill level 1 in Poison Magic
  2399 | D:3      | Reached XP level 5. HP: 3/33 MP: 4/8
  2401 | D:3      | Killed from afar by an orc wizard

Levels and vault maps discovered:
D:1:      tarquinn_simple_flora_water_b, layout_loops_corners,
          minmay_worlds_worst_comb
D:2:      layout_loops_ring, minmay_puff
D:3:      layout_basic, chequers_serial_rivers_small_a, uniq_jessica,
          uniq_grinder

Skill      XL: |  1  2  3  4 |
---------------+-------------+-----
Transmutations | 3 4 |  4.3
Poison Magic   | 1 |  1.3
Fighting       | |  1.0
Dodging        | |  2.0
Unarmed Combat | |  3.5
Spellcasting   | |  2.0

Action                   |  1- 3 |  4- 6 || total
-------------------------+-------+-------++-------
Melee: Unarmed           |    71 |    62 ||   133
       Kick              |    16 |    11 ||    27
       Constrict         |    19 |    13 ||    32
       Tentacles         |    12 |     8 ||    20
       Punch             |       |     1 ||     1
 Cast: Beastly Appendage |    25 |    14 ||    39
       Spider Form       |       |     1 ||     1
  Use: Potion            |     1 |       ||     1
 Stab: Sleeping          |     5 |     3 ||     8
  Eat: Chunk             |     2 |     3 ||     5
Armor: Skin              |     3 |     5 ||     8
Dodge: Dodged            |    44 |    40 ||    84
